 Dungeon Crawl Stone Soup version 0.27.0-1-g7a089689b8 (webtiles) character file.

Game seed: 16669934375699536902

534 HungrySpirit the Skirmisher (level 7, 0/60 HPs)
             Began as a Mummy Abyssal Knight on Aug 1, 2021.
             Was a Believer of Lugonu.
             Killed from afar by a white imp (2 damage)
             ... with a puff of frost
             ... on level 4 of the Dungeon.
             The game lasted 00:06:42 (3606 turns).

HungrySpirit the Skirmisher (Mummy Abyssal Knight)  Turns: 3606, Time: 00:06:42

Health: 0/60       AC: 11    Str: 15    XL:     7   Next: 4%
Magic:  8/8        EV:  4    Int: 12    God:    Lugonu [**....]
Gold:   180        SH:  0    Dex: 13    Spells: 6/6 levels left

rFire    x . .     SeeInvis .   b - +2 short sword (speed)
rCold    + . .     Faith    .   (no shield)
rNeg     + + +     Spirit   .   d - +0 plate armour
rPois    ∞         Reflect  .   (no helmet)
rElec    .         Harm     .   (no cloak)
rCorr    .         Rampage  .   (no gloves)
Will     .....                  (no boots)
Stlth    ..........             (no amulet)
HPRegen  0.20/turn              (no ring)
MPRegen  0.11/turn              (no ring)

@: no status effects
A: cold resistance 1, negative energy resistance 3, torment resistance 2, heat
vulnerability 1, no potions
a: Renounce Religion, Depart the Abyss, Bend Space


You were on level 4 of the Dungeon.
You worshipped Lugonu.
Lugonu was pleased with you.
You visited 1 branch of the dungeon, and saw 5 of its levels.
You visited the Abyss 1 time.

You collected 180 gold pieces.

Inventory:

Hand Weapons
 b - a +2 short sword of speed (weapon)
Missiles
 c - 5 poisoned darts (quivered)
Armour
 d - a +0 plate armour (worn)
Wands
 h - a wand of flame (8)
Scrolls
 a - 2 scrolls of amnesia
 f - 2 scrolls of teleportation {unknown}
 g - a scroll of enchant armour
 i - a scroll of fog


   Skills:
 + Level 7.6 Fighting
 - Level 1.5(1.8) Short Blades
 + Level 1.2(1.7) Long Blades
 + Level 2.2 Armour
 - Level 0.7 Dodging
 - Level 1.5 Invocations


You had 6 spell levels left.
You didn't know any spells.
Your spell library contained the following spells:

 Spells                   Type           Power      Damage    Failure   Level
 Static Discharge         Conj/Air       0%         N/A       100%        2
 Ozocubu's Armour         Ice            0%         N/A       100%        3
 Dispel Undead            Necr           0%         3d6       100%        4
 Sticky Flame             Conj/Fire      0%         2d3       100%        4
 Freezing Cloud           Conj/Ice/Air   0%         6-21      100%        5
 Simulacrum               Ice/Necr       0%         N/A       100%        6
 Ozocubu's Refrigeration  Ice            0%         4d5       100%        7
 Polar Vortex             Ice            0%         N/A       100%        9


Dungeon Overview and Level Annotations

Branches:
Dungeon (5/15)             Temple (0/1) D:4

Altars:
Cheibriados
Nemelex Xobeh
Ru
Trog
Wu Jian
Xom

Shops:
D:3 (

Annotations:
D:2 1 runed translucent door, Crazy Yiuf


Innate Abilities, Weirdness & Mutations

You are immune to poison.
Your flesh is cold resistant. (rC+)
You are immune to negative energy. (rN+++)
You are immune to unholy pain and torment.
You are vulnerable to heat. (rF-)
You do not drink.


Message History

The scorpion completely misses you.
Throw: 7 darts (poison)
Press: ? - help, Q - select action, (/) - cycle Shift-Dir - straight line, f/p - scorpion
Aim: a scorpion (moderately wounded, poisoned, 57% to hit)
You throw a poisoned dart.
The poisoned dart barely misses the scorpion.
The poisoned dart hits the white imp.
The scorpion stings you but does no damage.
You barely miss the scorpion.
The scorpion is moderately wounded.
The scorpion stings you.
* * * LOW HITPOINT WARNING * * *
You puncture the scorpion!
The scorpion is severely wounded.
The scorpion stings you but does no damage.
You hit the scorpion but do no damage.
The scorpion is severely wounded.
The scorpion stings you but does no damage.
You hit the scorpion but do no damage.
The scorpion is almost dead.
The scorpion barely misses you.
You hit the scorpion but do no damage.
The scorpion is almost dead.
The scorpion stings you!
* * * LOW HITPOINT WARNING * * *
You hit the scorpion but do no damage.
The scorpion is almost dead.
You hit the scorpion but do no damage.
The scorpion is almost dead.
You kill the scorpion!
Lugonu accepts your kill.
You have reached level 7!
Throw: 6 darts (poison)
Press: ? - help, Q - select action, (/) - cycle Shift-Dir - straight line, f - white imp
Aim: a white imp (57% to hit)
You throw a poisoned dart. The poisoned dart hits the white imp.
The white imp is poisoned.
The white imp gestures at you. The puff of frost hits you. You resist.
You die...

...................#....#.###....
####.................##.##888####
#................###.#8...8#
##...........<...# #....>.8#
##.....#..5.....####.8...8#
############.....####888## #####
#(..##)....#.## ....#
#5#.##.......## ....#
##@#.##........## ....#
###..#.#..#..!##..###
....#########...#....#...###..'_#
..............................###
##########....#....###.........##
...≈≈# ##.#....######...........
.≈._≈####..#..### #............
...≈≈#.##....## #..#.#######.
######.....#.# #..#.# #.


You could see a white imp (poisoned).

Vanquished Creatures
  Menkaure (D:4)
  An ogre (D:4)
  2 scorpions (D:4)
  A hound (D:4)
  An orc wizard (D:3)
  A hound skeleton (D:4)
  4 gnolls
  3 adders
  A dart slug (D:2)
  4 orcs
  6 ball pythons
  3 bats
  6 endoplasms
  4 giant cockroaches
  5 goblins
  4 hobgoblins
  8 jackals
  6 kobolds
  A quokka (D:1)
  4 frilled lizards
  10 rats
76 creatures vanquished.

Notes
Turn   | Place    | Note
-------+----------+-------------------------------------------
     0 | Abyss:1  | HungrySpirit the Mummy Abyssal Knight began the quest for
                  | the Orb.
     0 | Abyss:1  | Reached XP level 1. HP: 18/18 MP: 2/2
     0 | Abyss:1  | Noticed a tentacled starspawn
     0 | Abyss:1  | Noticed an ancient zyme
     0 | Abyss:1  | Noticed a wretched star
     1 | Abyss:1  | Noticed an orange demon
     1 | Abyss:1  | Noticed a quasit
     1 | Abyss:1  | Noticed a worldbinder
     2 | Abyss:1  | Found a corrupted altar of Lugonu.
     2 | Abyss:1  | Noticed a wretched star
     2 | Abyss:1  | Noticed an ancient zyme
     3 | Abyss:1  | Noticed a tentacled starspawn
     3 | Abyss:1  | Noticed a shadow
    50 | Abyss:2  | Noticed a chaos spawn
    53 | Abyss:2  | Noticed a wraith
    56 | D:1      | Escaped the Abyss
   408 | D:1      | Reached * piety under Lugonu
   409 | D:1      | Reached XP level 2. HP: 24/24 MP: 3/3
   722 | D:1      | Reached skill level 4 in Fighting
   948 | D:1      | Reached XP level 3. HP: 24/31 MP: 4/4
  1551 | D:2      | Found an ornate altar of the Wu Jian Council.
  1653 | D:2      | You fall into a shaft and drop 2 floors!
  1668 | D:4      | Noticed an ogre
  1689 | D:4      | Killed an ogre
  1690 | D:4      | Reached skill level 5 in Fighting
  1690 | D:4      | Reached XP level 4. HP: 15/40 MP: 5/5
  1690 | D:4      | Reached XP level 5. HP: 18/46 MP: 6/6
  1972 | D:2      | Reached skill level 6 in Fighting
  2317 | D:2      | Reached ** piety under Lugonu
  2419 | D:2      | Found a runed translucent door.
  2420 | D:2      | Noticed Crazy Yiuf
  2483 | D:3      | Found a shimmering altar of Xom.
  2543 | D:3      | You fall into a shaft and drop 1 floor!
  2543 | D:4      | Noticed Menkaure
  2562 | D:4      | Killed Menkaure
  2563 | D:4      | Reached skill level 7 in Fighting
  2563 | D:4      | Reached XP level 6. HP: 55/55 MP: 7/7
  2764 | D:3      | Found a sparkling altar of Nemelex Xobeh.
  2937 | D:3      | Found Xorchan's Antique Weapon Shop.
  3270 | D:4      | Found a staircase to the Ecumenical Temple.
  3386 | D:4      | Found a snail-covered altar of Cheibriados.
  3437 | D:4      | Found a sacrificial altar of Ru.
  3492 | D:4      | Found a bloodstained altar of Trog.
  3545 | D:5      | Entered Level 5 of the Dungeon
  3588 | D:4      | Reached skill level 1 in Long Blades
  3603 | D:4      | HP: 1/55 [scorpion (7)]
  3606 | D:4      | Reached XP level 7. HP: 2/60 MP: 8/8
  3606 | D:4      | Killed from afar by a white imp

Illustrated notes

Levels and vault maps discovered:
D:1:      dpeg_arrival_ratfight, layout_rooms, minmay_split_cup_small
D:2:      layout_rooms, basic_altar, minmay_distorted, uniq_crazy_yiuf_cottage
D:3:      layout_loops_ring, general_overflow_altar, xom_butterflies,
          basic_ecumenical_altar, serial_shops, shop, kennysheep_path_1
D:4:      layout_rooms, nicolae_ru_path_of_blood, kennysheep_mini,
          kennysheep_mini_moat, minmay_temple_entry_statues, dk_noncrumbling_4,
          uniq_menkaure
D:5:      layout_rooms, serial_shops, nicolae_shop_window_shopping,
          uniq_duvessa, uniq_edmund

Skill      XL: |  1  2  3  4  5  6 |
---------------+-------------------+-----
Fighting       | 4 5 7 |  7.6
Long Blades    | 1 |  1.2
Armour         | 2 |  2.2
Short Blades   | |  1.5
Dodging        | |  0.7
Invocations    | |  1.5

Action                   |  1- 3 |  4- 6 |  7- 9 || total
-------------------------+-------+-------+-------++-------
Melee: Short sword       |   108 |   150 |       ||   258
Throw: Dart              |    12 |     9 |     1 ||    22
Invok: Depart the Abyss  |     1 |       |       ||     1
Evoke: Wand              |       |    10 |       ||    10
  Use: Scroll            |       |     3 |       ||     3
Armor: Leather armour    |    11 |       |       ||    11
       Plate armour      |    37 |    76 |       ||   113
Dodge: Dodged            |    51 |    22 |       ||    73
